 Dungeon Crawl Stone Soup version 0.29.1-15-g9cfb28693d (webtiles) character file.

Game seed: 15879844590057327171

515 Gerhard the Cudgeller (level 7, -5/54 HPs)
             Began as a Human Monk on Apr 9, 2023.
             Was a Priest of Kikubaaqudgha.
             Killed from afar by an orc wizard (6 damage)
             ... with a magic dart
             ... on level 4 of the Dungeon.
             The game lasted 01:22:00 (4772 turns).

Gerhard the Cudgeller (Human Monk)                  Turns: 4772, Time: 01:22:01

Health: -5/54      AC:  4    Str: 11    XL:     7   Next: 44%
Magic:  19/19      EV: 13    Int: 10    God:    Kikubaaqudgha [***...]
Gold:   157        SH:  0    Dex: 16    Spells: 9/10 levels left

rFire   . . .      SeeInvis .   f - +1 morningstar
rCold   . . .      Faith    .   (no shield)
rNeg    . . .      Spirit   .   d - +0 animal skin
rPois   .          Reflect  .   e - +0 helmet
rElec   .          Harm     .   (no cloak)
rCorr   .          Rampage  .   (no gloves)
Will    .....                   h - +0 pair of boots "Uhamuipti" {MP+9}
Stlth   +.........              (no amulet)
HPRegen 0.18/turn               (no ring)
MPRegen 0.16/turn               (no ring)

@: confused
A: weak 1
a: Renounce Religion, Unearth Wretches


You were on level 4 of the Dungeon.
You worshipped Kikubaaqudgha.
Kikubaaqudgha was most pleased with you.
You visited 1 branch of the dungeon, and saw 4 of its levels.

You collected 157 gold pieces.

Inventory:

Hand Weapons
 f - a +1 morningstar (weapon)
 o - a +2 vorpal spear
Missiles
 a - 5 javelins
 m - 15 boomerangs
Armour
 d - a +0 animal skin (worn)
 e - a +0 helmet (worn)
 h - the +0 pair of boots "Uhamuipti" (worn) {MP+9}
   (You acquired it on level 2 of the Dungeon)

   MP:        It affects your magic capacity (+9).
 i - a +2 scale mail of cold resistance
 n - a +1 robe of positive energy
Jewellery
 l - an amulet of reflection
 p - an amulet of regeneration
Wands
 b - a wand of flame (4)
 k - a wand of iceblast (16) (quivered)
Scrolls
 g - a scroll of teleportation
 j - a scroll of magic mapping


   Skills:
 + Level 4.0 Fighting
 + Level 4.6 Maces & Flails
 + Level 2.7 Armour
 + Level 4.0 Dodging
 - Level 2.0 Stealth
 * Level 2.2 Spellcasting
 * Level 2.6 Necromancy


You had 9 spell levels left.
You knew the following spells:

 Your Spells              Type           Power      Damage    Failure   Level
a - Necrotise             Necr           24%        1d5       11%         1

Your spell library contained the following spells:

 Spells                   Type           Power      Damage    Failure   Level
 Foxfire                  Conj/Fire      4%         2x1d4     30%         1
 Vampiric Draining        Necr           6%         2d6       30%         3
 Ensorcelled Hibernation  Hex/Ice        2%         N/A       43%         2
 Passwall                 Tmut/Erth      0%         N/A       43%         2
 Conjure Flame            Conj/Fire      1%         6-21      67%         3
 Inner Flame              Hex/Fire       1%         N/A       67%         3
 Stone Arrow              Conj/Erth      2%         3d7       67%         3
 Swiftness                Air            1%         N/A       67%         3
 Animate Dead             Necr           6%         N/A       71%         4
 Dispel Undead            Necr           6%         3d8       71%         4
 Anguish                  Hex/Necr       1%         N/A       87%         4
 Corpse Rot               Necr/Pois/Air  2%         N/A       91%         4
 Agony                    Necr           6%         N/A       96%         5
 Animate Armour           Summ/Erth      2%         N/A       97%         4
 Flame Wave               Conj/Fire      1%         2d4       97%         4
 Borgnjor's Vile Clutch   Necr/Erth      1%         N/A       99%         5
 Death Channel            Necr           3%         N/A       100%        6
 Lehudib's Crystal Spear  Conj/Erth      0%         10d2      100%        8


Dungeon Overview and Level Annotations

Branches:
Dungeon (4/15)
 Temple: D:4-7

Altars:
Kikubaaqudgha
Makhleb
Okawaru
Sif Muna

Shops:
D:4 (


Innate Abilities, Weirdness & Mutations

You are weak. (Str -2)


Message History

You continue taking off your amulet of reflection.
Something hits you.
* * * LOW HITPOINT WARNING * * *
You continue taking off your amulet of reflection.
Something hits you.
* * * LOW HITPOINT WARNING * * *
You continue taking off your amulet of reflection.
You feel less confused. Something hits you.
* * * LOW HITPOINT WARNING * * *
You finish taking off your amulet of reflection.
You completely miss something. Something hits you.
* * * LOW HITPOINT WARNING * * *
You hit something but do no damage. Something hits you.
* * * LOW HITPOINT WARNING * * *
Something hits you.
* * * LOW HITPOINT WARNING * * *
You barely miss something. Something hits you but does no damage.
You closely miss something.
You hear some strange, mumbled words.
You are confused.
You miss something. Something hits you but does no damage.
You hear some strange, mumbled words.
A puff of flame appears from out of thin air!
The puff of flame misses you.
You are too confused!
You are too confused!
You are too confused!
You are too confused!
Something hits you.
* * * LOW HITPOINT WARNING * * *
You are too confused!
Unknown command.
You are too confused!
You closely miss something.
An orc wizard appears from thin air!
Reactivating autopickup.
The orc wizard points at you and mumbles some strange words.
The magic dart hits you.
You die...
Kikubaaqudgha rasps: "You have failed me!
Welcome... death!"

#..##......#...... .###
#...#.....##..... .)...
##.##.....#..#..###.....
#..##.....#..##..#....##
###.##..................#
###...........).(.))#....
##...†....#..##..###.# .
##.#...)<....###o.....#..
#..#.........#.@...........#
##..#..##....)#....)..?......
#.....###.....#.....##.......
#.........##........##......# ...
....#......#................. ...
....#........................##..
<...........#.............)...#..
..###................##.# ......
.## #...............## .####.#...


You could see an orc wizard.

Vanquished Creatures
  Grinder (D:4)
  2 hounds
  2 orc wizards (D:4)
  Robin (D:3)
  A gnoll (D:1)
  9 adders
  A worm (D:2)
  2 dart slugs
  13 orcs
  9 bats
  5 endoplasms
  3 giant cockroaches
  14 goblins
  11 hobgoblins
  10 kobolds
  A quokka (D:4)
  8 ball pythons
  4 frilled lizards
  3 rats
100 creatures vanquished.

Vanquished Creatures (collateral kills)
  A goblin (D:4)
  A ball python (D:4)
2 creatures vanquished.

Grand Total: 102 creatures vanquished

Notes
Turn   | Place    | Note
-------+----------+-------------------------------------------
     0 | D:1      | Gerhard the Human Monk began the quest for the Orb.
     0 | D:1      | Reached XP level 1. HP: 18/18 MP: 1/1
   343 | D:1      | Reached XP level 2. HP: 14/24 MP: 2/2
   912 | D:1      | Reached skill level 1 in Armour
   943 | D:1      | Reached XP level 3. HP: 24/29 MP: 3/3
  1439 | D:2      | Gained mutation: You sometimes lose your temper in combat.
                  | [potion of mutation]
  1439 | D:2      | Gained mutation: You are dopey. (Int -2) [potion of
                  | mutation]
  1445 | D:2      | Reached XP level 4. HP: 22/35 MP: 4/4
  1605 | D:2      | Found a burning altar of Makhleb.
  1631 | D:2      | Found a faded altar of an unknown god.
  1641 | D:2      | Prayed at the altar of an unknown god.
  1641 | D:2      | Became a worshipper of Kikubaaqudgha
  1641 | D:2      | Reached * piety under Kikubaaqudgha
  1641 | D:2      | Received a gift from Kikubaaqudgha
  1641 | D:2      | Reached ** piety under Kikubaaqudgha
  1888 | D:2      | Identified a scroll of acquirement
  1888 | D:2      | Acquired the +0 pair of boots "Uhamuipti" {MP+9}
  1981 | D:2      | Learned a level 1 spell: Necrotise
  2267 | D:2      | Reached *** piety under Kikubaaqudgha
  2267 | D:2      | Received a gift from Kikubaaqudgha
  2518 | D:3      | Reached XP level 5. HP: 31/41 MP: 5/5
  2630 | D:3      | Reached skill level 1 in Necromancy
  2942 | D:3      | Reached skill level 1 in Spellcasting
  3053 | D:3      | Noticed Robin
  3123 | D:3      | Killed Robin
  3527 | D:3      | Found a shimmering blue altar of Sif Muna.
  3811 | D:3      | Reached XP level 6. HP: 40/48 MP: 7/7
  3962 | D:3      | Lost mutation: You sometimes lose your temper in combat.
                  | [potion of mutation]
  3962 | D:3      | Lost mutation: You are dopey. (Int -2) [potion of mutation]
  3962 | D:3      | Gained mutation: You expend magic power (3 MP) to
                  | strengthen your wands. [potion of mutation]
  3962 | D:3      | Gained mutation: You are weak. (Str -2) [potion of
                  | mutation]
  3962 | D:3      | Lost mutation: You expend magic power (3 MP) to strengthen
                  | your wands. [potion of mutation]
  4205 | D:4      | Noticed Grinder
  4255 | D:4      | Killed Grinder
  4256 | D:4      | Reached XP level 7. HP: 21/53 MP: 9/9
  4472 | D:4      | Found an iron altar of Okawaru.
  4589 | D:4      | Found Uthruyxai's Antique Weapon Emporium.
  4767 | D:4      | HP: 2/54 [something (2)]
  4772 | D:4      | Killed from afar by an orc wizard

Illustrated notes

Levels and vault maps discovered:
D:1:      lemuel_arrival_tunnels, layout_loops_ring
D:2:      layout_basic, shapermc_ecumenical_altar_pompeii, basic_altar,
          minmay_misc_feat_columns
D:3:      layout_basic, lemuel_blue_sif_altar, uniq_robin
D:4:      layout_cave_pools, amcnicky_altar_gilded, serial_shops, shop_statue,
          uniq_grinder

Skill      XL: |  1  2  3  4  5  6  7 |
---------------+----------------------+-----
Armour         | 1 2 |  2.7
Necromancy     | 1 2 |  2.6
Spellcasting   | 1 2 |  2.2
Maces & Flails | 4 |  4.6
Fighting       | 4 |  4.0
Dodging        | 4 |  4.0
Stealth        | |  2.0

Action                   |  1- 3 |  4- 6 |  7- 9 || total
-------------------------+-------+-------+-------++-------
Melee: Whip              |    33 |       |       ||    33
       Mace              |     4 |       |       ||     4
       Morningstar       |    44 |   139 |    42 ||   225
       Punch             |       |     2 |       ||     2
Throw: Stone             |     5 |       |       ||     5
 Cast: Necrotise         |       |    67 |    14 ||    81
Invok: Unearth Wretches  |       |     1 |       ||     1
Evoke: Wand              |       |     1 |       ||     1
  Use: Scroll            |     1 |     6 |     1 ||     8
       Potion            |     2 |     4 |     1 ||     7
 Stab: Sleeping          |     1 |     1 |     1 ||     3
       Paralysed         |       |     1 |       ||     1
Armor: Robe              |     6 |    19 |       ||    25
       Scale mail        |    16 |    10 |       ||    26
       Animal skin       |       |    23 |    14 ||    37
Dodge: Dodged            |    53 |   134 |    30 ||   217
Block: Other             |       |     1 |     5 ||     6
